 Dungeon Crawl Stone Soup version 0.21-a0-517-gd76cfe0 (webtiles) character file.

1474 Hafrunt the Insei (level 8, -2/66 HPs)
             Began as a Black Draconian Transmuter on Dec 3, 2017.
             Was a Believer of Qazlal.
             Slain by an orc warrior
             ... wielding a +0 halberd
              (21 damage)
             ... on level 7 of the Dungeon.
             The game lasted 00:19:24 (6384 turns).

Hafrunt the Insei (Black Draconian Transmuter)      Turns: 6384, Time: 00:19:25

Health: -2/66      AC:  2    Str: 12    XL:     8   Next: 49%
Magic:  14/14      EV: 20    Int: 14    God:    Qazlal [**....]
Gold:   291        SH:  2    Dex: 22    Spells: 2/15 levels left

rFire    . . .     SeeInvis .     - Unarmed
rCold    . . .     Gourm    .   (shield currently unavailable)
rNeg     . . .     Faith    .   (armour unavailable)
rPois    x         Spirit   .   (helmet currently unavailable)
rElec    .         Reflect  .   (cloak currently unavailable)
rCorr    .         Harm     .   (gloves currently unavailable)
MR       .....                  (boots currently unavailable)
Stlth    ++........             (no amulet)
HPRegen  0.21/turn              B - +3 ring of dexterity
MPRegen  0.14/turn              k - ring of wizardry

@: spider-form (expiring)
A: tiny, (breathe lightning), unfitting armour, AC +6
a: End Transformation, Upheaval, Renounce Religion


You were on level 7 of the Dungeon.
You worshipped Qazlal.
Qazlal was pleased with you.
You were very hungry.
You were a venomous arachnid creature.
You visited 1 branch of the dungeon, and saw 7 of its levels.

You collected 291 gold pieces.

Inventory:

Missiles
 a - 47 arrows
 q - 7 javelins (quivered)
Armour
 u - a +1 cloak (melded)
 C - a cursed +0 buckler (melded)
Jewellery
 e - an uncursed ring of magical power
 g - an uncursed ring of resist corrosion
 k - a ring of wizardry (right front leg)
 m - an uncursed ring of protection from cold
 B - a +3 ring of dexterity (left front leg)
Wands
 s - a wand of random effects (44)
Scrolls
 i - 4 scrolls of teleportation
 j - a scroll of random uselessness {unknown}
 o - 2 scrolls of identify
 w - a scroll of amnesia
 A - 3 scrolls of enchant armour
Potions
 d - a potion of magic {unknown}
 f - a potion of might
 h - a potion of cancellation
 l - a potion of haste {unknown}
 p - a potion of heal wounds
 r - 2 potions of degeneration {unknown}
 t - a potion of mutation {unknown}
 v - 5 potions of curing
 z - 2 potions of ambrosia
Books
 b - a book of Changes

   Spells                             Type                      Level
   a - Beastly Appendage              Transmutation                1
   b - Sticks to Snakes               Transmutation                2
   c - Spider Form                    Transmutation/Poison         3
   d - Ice Form                       Ice/Transmutation            4
   e - Blade Hands                    Transmutation                5
 y - a book of Callings

   Spells                             Type                      Level
   a - Summon Small Mammal            Summoning                    1
   b - Call Imp                       Summoning                    2
   c - Call Canine Familiar           Summoning                    3
   d - Summon Guardian Golem          Hexes/Summoning              3
   e - Summon Lightning Spire         Summoning/Air                4
   f - Summon Ice Beast               Ice/Summoning                4
Comestibles
 c - 4 bread rations
 n - 2 royal jellies
 x - 8 fruits


   Skills:
 + Level 4.1 Fighting
 - Level 1.7 Dodging
 + Level 1.7 Shields
 + Level 6.2 Unarmed Combat
 - Level 4.0 Spellcasting
 + Level 5.7 Transmutations
 + Level 3.5 Ice Magic
 - Level 2.0 Poison Magic


You had 2 spell levels left.
You knew the following spells:

 Your Spells              Type           Power        Failure   Level  Hunger
a - Ice Form              Ice/Tmut       ###.....     22%         4    ####...
b - Spider Form           Tmut/Pois      ##........   12%         3    ###....
c - Summon Ice Beast      Ice/Summ       #.......     52%         4    ####...
d - Sticks to Snakes      Tmut           ###.....     4%          2    ##.....


Dungeon Overview and Level Annotations

Branches:
Dungeon (6/15)             Temple (0/1) D:4

Altars:
Ashenzari
Dithmenos
Elyvilon
Fedhas
Gozag
Kikubaaqudgha
Nemelex Xobeh
Okawaru
Qazlal
Sif Muna
Trog
Xom
Yredelemnul
Zin
The Shining One

Shops:
D:4 *   D:5 :


Innate Abilities, Weirdness & Mutations

((You can breathe wild blasts of lightning.))
((Your glossy black scales are hard. (AC +6)))
You cannot fit into any form of body armour.
((You are resistant to electric shocks. (rElec)))
((You are cold-blooded and may be slowed by cold attacks.))


Message History

The orc misses you.
You hit the orc warrior.
The orc warrior is moderately wounded.
The orc warrior completely misses you. The orc misses you.
You hit the orc warrior but do no damage.
The orc warrior looks as sick as possible!
The orc warrior is moderately wounded.
The orc warrior hits you with a halberd!!
* * * LOW HITPOINT WARNING * * *
The orc completely misses you.
You barely miss the orc warrior.
The orc warrior is moderately wounded.
The orc warrior barely misses you.
You see here a glowing war axe.
You bite the orc!
You kill the orc!
Qazlal accepts your kill. The orc warrior closely misses you.
The orc warrior hits you with a halberd!!
You die...

#......# #......#
#......# #......#
#......# #......#
#......+
###..!...##.#
#.)os).......
.......####..##..#
....... #......#
....... ####....
....... .#.#
####### .


You could see an orc warrior.

Vanquished Creatures
  A water moccasin (D:6)
  An orc warrior (D:6)
  An ice beast (D:6)
  A phantom (D:5)
  2 ogres
  2 bullfrogs
  2 scorpions (D:6)
  2 howler monkeys
  A bullfrog zombie (D:6)
  A hound (D:4)
  Crazy Yiuf (D:2)
  5 orc priests
  4 orc wizards
  Jessica (D:3)
  3 iguanas
  A worker ant (D:5)
  4 adders
  A howler monkey skeleton (D:4)
  2 worms
  2 dart slugs
  4 leopard geckos
  17 orcs
  4 giant cockroaches
  3 goblins (D:1)
  3 hobgoblins (D:3)
  7 jackals
  A quokka (D:4)
  8 bats
  5 frilled lizards
  5 kobolds
  8 rats
  2 butterflies (D:6)
105 creatures vanquished.

Vanquished Creatures (collateral kills)
  A bat (D:2)
1 creature vanquished.

Grand Total: 106 creatures vanquished

Notes
Turn   | Place    | Note
-------+----------+-------------------------------------------
     0 | D:1      | Hafrunt the Draconian Transmuter began the quest for the Orb.
     0 | D:1      | Reached XP level 1. HP: 16/16 MP: 3/3
   314 | D:1      | Reached XP level 2. HP: 21/23 MP: 5/5
   347 | D:1      | Learned a level 2 spell: Sticks to Snakes
   962 | D:2      | Reached XP level 3. HP: 20/28 MP: 6/6
   967 | D:2      | Learned a level 3 spell: Spider Form
  1015 | D:2      | Found a stormy altar of Qazlal.
  1041 | D:2      | Became a worshipper of Qazlal Stormbringer
  1104 | D:2      | Found a sparkling altar of Nemelex Xobeh.
  1299 | D:2      | Found a stormy altar of Qazlal.
  1388 | D:2      | Found a glowing silver altar of Zin.
  1508 | D:2      | Found a runed door.
  1613 | D:2      | Found a bloodstained altar of Trog.
  1707 | D:2      | Noticed Crazy Yiuf
  1713 | D:2      | Killed Crazy Yiuf
  1713 | D:2      | Reached skill level 1 in Poison Magic
  1863 | D:3      | Reached XP level 4. HP: 35/35 MP: 7/7
  1879 | D:3      | Reached skill level 4 in Unarmed Combat
  2538 | D:3      | Noticed Jessica
  2542 | D:3      | Killed Jessica
  2542 | D:3      | Reached XP level 5. HP: 28/40 MP: 8/8
  2590 | D:3      | Reached * piety under Qazlal
  2966 | D:4      | Found a staircase to the Ecumenical Temple.
  2975 | D:4      | Upgraded the game from 0.21-a0-516-gaaff437 to 0.21-a0-517-gd76cfe0
  2975 | D:4      | Found Laommestig's General Store.
  3025 | D:4      | Found a basalt altar of Yredelemnul.
  3044 | D:4      | Found a white marble altar of Elyvilon.
  3115 | D:4      | Reached XP level 6. HP: 18/47 MP: 9/9
  3464 | D:4      | Found an iron altar of Okawaru.
  3465 | D:4      | Found an opulent altar of Gozag.
  3563 | D:4      | Found an ancient bone altar of Kikubaaqudgha.
  3563 | D:4      | Found a blossoming altar of Fedhas.
  3907 | D:5      | Entered Level 5 of the Dungeon
  3952 | D:5      | Learned a level 4 spell: Summon Ice Beast
  3987 | D:5      | Reached skill level 5 in Unarmed Combat
  3987 | D:5      | Reached skill level 1 in Ice Magic
  4045 | D:5      | Your scales start taking on a glossy black colour.
  4045 | D:5      | Reached XP level 7. HP: 17/55 MP: 11/11
  4045 | D:5      | Gained mutation: You are resistant to electric shocks. (rElec) [Black Draconian growth]
  4463 | D:5      | Found Boikh's Book Shoppe.
  5182 | D:6      | Found a glowing silver altar of Zin.
  5349 | D:6      | Reached skill level 5 in Transmutations
  5352 | D:6      | Reached ** piety under Qazlal
  5470 | D:6      | Found a shimmering altar of Xom.
  5498 | D:6      | Reached XP level 8. HP: 51/63 MP: 13/13
  5617 | D:6      | Found a shadowy altar of Dithmenos.
  5637 | D:6      | Reached skill level 6 in Unarmed Combat
  5644 | D:6      | Reached skill level 1 in Shields
  5851 | D:6      | Learned a level 4 spell: Ice Form
  5876 | D:6      | Found a shattered altar of Ashenzari.
  5887 | D:6      | Found a deep blue altar of Sif Muna.
  6158 | D:6      | Found a glowing golden altar of the Shining One.
  6356 | D:6      | You fall through a shaft!
  6384 | D:7      | Slain by an orc warrior

Vault maps used:
D:1:      nicolae_arrival_somewhat_less_tricky_arrival
D:2:      marbit_many_paths, nemelex_xobeh_ov_fountains_minmay,
          lemuel_coloured_pillars_altar, zin_treasury, grunt_qazlal_clouds,
          uniq_crazy_yiuf_cottage
D:3:      uniq_jessica
D:4:      grunt_temple_overflow_growth_and_decay, kennysheep_mini_moat,
          lemuel_round_altar, gammafunk_temple_overflow_wave,
          minmay_temple_entry_mist, first_bread, serial_forest,
          infiniplex_forest_zigzag_1, infiniplex_forest_clump_double,
          infiniplex_forest_lined_3_way, infiniplex_forest_clump_tiny,
          infiniplex_forest_end_2, infiniplex_forest_clump_small,
          infiniplex_forest_end_2, infiniplex_forest_straight_5, serial_shops,
          nicolae_shop_trees
D:5:      serial_shops, shop, nrook_mini_backslash
D:6:      xom_butterflies, overflow_temple_1_default,
          nicolae_overflow_hidden_temple, led_sif_book, basic_altar,
          nicolae_dithmenos_through_a_glass_darkly
D:7:      serial_shops, nicolae_shop_waterfront, shop, shop

Skill      XL: |  1  2  3  4  5  6  7  8 |
---------------+-------------------------+-----
Transmutations | 3 4 5 |  5.7
Poison Magic   | 1 2 |  2.0
Unarmed Combat | 4 5 6 |  6.2
Spellcasting   | 3 4 |  4.0
Ice Magic      | 1 2 3 |  3.5
Fighting       | 2 3 4 |  4.1
Shields        | 1 |  1.7
Dodging        | |  1.7

Action                   |  1- 3 |  4- 6 |  7- 9 || total
-------------------------+-------+-------+-------++-------
Melee: Unarmed           |    76 |   149 |   145 ||   370
       Kick              |     5 |     8 |       ||    13
       Headbutt          |     4 |     7 |       ||    11
       Tailslap          |     3 |     9 |     7 ||    19
       Punch             |     1 |     2 |     1 ||     4
 Cast: Beastly Appendage |    23 |    18 |       ||    41
       Sticks to Snakes  |     3 |       |       ||     3
       Spider Form       |     2 |     8 |    13 ||    23
 Abil: End Transformatio |       |     6 |     3 ||     9
       Breathe Lightning |       |       |     3 ||     3
  Use: Scroll            |     1 |    12 |       ||    13
       Potion            |       |       |     1 ||     1
 Stab: Sleeping          |     1 |     1 |       ||     2
  Eat: Chunk             |     4 |     8 |       ||    12
       Bread ration      |       |       |     2 ||     2
Armor: Skin              |    23 |    29 |    23 ||    75
Dodge: Dodged            |    66 |   119 |   106 ||   291
Block: Other             |       |       |     7 ||     7
       Buckler           |       |       |     6 ||     6

Table legend:
 A = Spawn XP
 B = Non-spawn XP
 C = Spawn XP percentage of total XP
 D = Spawn monster count
 E = Non-spawn monster count
 F = Spawn count percentage of total count
 G = Total turns spent on level
                    A         B        C        D         E        F      G
               +---------+---------+-------+---------+---------+-------+---------
         Total |       0 |    2107 |   0.0 |       0 |     104 |   0.0 |  6384
               +---------+---------+-------+---------+---------+-------+---------
           D:1 |       0 |      27 |   0.0 |       0 |      20 |   0.0 |   955
           D:2 |       0 |      66 |   0.0 |       0 |       7 |   0.0 |   856
           D:3 |       0 |     132 |   0.0 |       0 |      29 |   0.0 |  1137
           D:4 |       0 |     229 |   0.0 |       0 |      13 |   0.0 |   984
           D:5 |       0 |     616 |   0.0 |       0 |      14 |   0.0 |  1235
           D:6 |       0 |    1028 |   0.0 |       0 |      18 |   0.0 |  1189
           D:7 |       0 |       9 |   0.0 |       0 |       3 |   0.0 |    28
               +---------+---------+-------+---------+---------+-------+---------
